 Dungeon Crawl Stone Soup version 0.32-a0-938-g40ac7a0f4d (webtiles) character file.

Game seed: 15028254267456352849

14903 KennySheep the Reanimator (level 11, -8/57 HPs)
             Began as a Deep Elf Wanderer on Apr 15, 2024.
             Was a Priest of Yredelemnul.
             Killed from afar by a hell hound (15 damage)
             ... with a blast of flame
             ... led by Azrael
             ... on level 12 of the Dungeon on Apr 16, 2024.
             The game lasted 01:03:26 (13485 turns).

KennySheep the Reanimator (Deep Elf Wanderer)      Turns: 13485, Time: 01:03:26

Health: -8/57      AC:  3    Str:  8    XL:     11   Next: 94%
Magic:  35/37      EV: 14    Int: 22    God:    Yredelemnul [***...]
Gold:   744        SH:  0    Dex: 15    Spells: 17/33 levels left

rFire   . . .        a - +3 scythe (pain)
rCold   + . .        (shield currently unavailable)
rNeg    + . .        c - +0 robe
rPois   .            (no helmet)
rElec   +            d - +0 cloak
rCorr   .            (no gloves)
SInv    .            (no boots)
Will    +....        (no amulet)
Stlth   ++           g - ring of magical power
HPRegen 0.29/turn    L - ring of Menadiujou {rElec rC+ rN+ Slay+4}
MPRegen 0.25/turn

%: no passive effects
@: about to teleport, hasted, wreathed by umbra, invisible, very quick
A: no striking features
a: Renounce Religion, Light the Black Torch, Recall Undead Harvest, Hurl
Torchlight


You were on level 12 of the Dungeon.
You worshipped Yredelemnul.
Yredelemnul was noncommittal.
You visited 1 branch of the dungeon, and saw 12 of its levels.
You also visited: Bailey.

You collected 841 gold pieces.
You spent 97 gold pieces at shops.

Inventory:

Hand Weapons
 a - a +3 scythe of pain (weapon)
 b - the +8 broad axe of the Howling Gods {freeze, Int+5 Dex+5 Stlth-}
   (You found it on level 10 of the Dungeon)

   Int+5:     It affects your intelligence (+5).
   Dex+5:     It affects your dexterity (+5).
   Stlth-:    It makes you less stealthy.
 r - a +2 dagger of electrocution
 O - a +0 dagger
Armour
 c - a +0 robe (worn)
 d - a +0 cloak (worn)
 o - an orb of guile
Jewellery
 g - a ring of magical power (left hand)
 E - an amulet of guardian spirit
 G - a ring of willpower
 L - the ring of Menadiujou (right hand) {rElec rC+ rN+ Slay+4}
   (You acquired it in a bailey)

   [ring of slaying]

   Slay+4:    It affects your accuracy & damage with ranged weapons and melee
   (+4).
   rC+:       It protects you from cold.
   rElec:     It insulates you from electricity.
   rN+:       It protects you from negative energy.
 N - a ring of protection from fire
Wands
 j - a wand of charming (6)
 m - a wand of iceblast (6)
 y - a wand of mindburst (8)
 D - a wand of flame (16)
Scrolls
 e - a scroll of fog
 h - a scroll of silence
 n - 2 scrolls of vulnerability
 q - 3 scrolls of noise
 s - a scroll of immolation
 v - 3 scrolls of revelation
 w - 4 scrolls of teleportation
 B - 2 scrolls of fear
 F - 4 scrolls of identify
 K - a scroll of enchant armour
Potions
 f - 2 potions of haste
 i - 3 potions of brilliance
 k - 3 potions of degeneration {unknown}
 l - 3 potions of might
 p - 3 potions of ambrosia
 t - a potion of lignification {unknown}
 u - 4 potions of enlightenment
 x - 4 potions of magic {unknown}
 z - a potion of attraction
 A - a potion of heal wounds {unknown}
 C - a potion of berserk rage
 H - 2 potions of mutation {unknown}
 I - a potion of cancellation {unknown}
 J - a potion of invisibility
Miscellaneous
 M - a tin of tremorstones (2/2)
 P - a lightning rod (4/4)


   Skills:
 + Level 1.8 Fighting
 + Level 6.3 Dodging
 * Level 11.7 Spellcasting
 - Level 5.2 Conjurations
 + Level 13.1 Necromancy
 - Level 0.4 Translocations
 - Level 2.1 Fire Magic
 + Level 12.8 Earth Magic
 - Level 1.1 Shapeshifting


You had 17 spell levels left.
You knew the following spells:

 Your Spells              Type           Power      Damage    Failure   Level
a - Sandblast             Erth           100%       2d20      1%          1
b - Passwall              Erth           62%        N/A       1%          3
c - Brom's Barrelling Bo  Conj/Erth      51%        2d7       1%          4
d - Foxfire               Conj/Fire      100%       2x1d9     1%          1
e - Borgnjor's Vile Clut  Necr/Erth      31%        N/A       1%          5
f - Sublimation of Blood  Necr           63%        N/A       1%          2

Your spell library contained the following spells:

 Spells                   Type           Power      Damage    Failure   Level
 Fugue of the Fallen      Necr           63%        N/A       1%          3
 Vampiric Draining        Necr           63%        2d10      1%          3
 Petrify                  Alch/Erth      41%        N/A       3%          4
 Freeze                   Ice            48%        1d6       4%          1
 Slow                     Hex            48%        N/A       4%          1
 Hailstorm                Conj/Ice       24%        3d7       5%          3
 Volatile Blastmotes      Fire/Tloc      36%        2d13      9%          3
 Inner Flame              Hex/Fire       17%        N/A       10%         3
 Confusing Touch          Hex            12%        N/A       16%         3
 Frozen Ramparts          Ice            24%        1d4       16%         3
 Ozocubu's Armour         Ice            12%        N/A       16%         3
 Iskenderun's Mystic Bla Conj/Tloc 25%            2d7        (+2d3     16%         4
 Fulminant Prism          Conj/Alch      12%        3d9       17%         4
 Bombard                  Conj/Erth      25%        9d5       19%         6
 Vhi's Electric Charge    Tloc/Air       26%        N/A       43%         4
 Irradiate                Conj/Alch      12%        3d15      43%         5
 Alistair's Intoxication  Alch           8%         N/A       80%         5
 Metabolic Englaciation   Hex/Ice        6%         N/A       80%         5
 Eringya's Noxious Bog    Alch           6%         4d6       100%        6
 Manifold Assault         Tloc           7%         N/A       100%        7


Dungeon Overview and Level Annotations

Branches:
Dungeon (12/15)            Temple (0/1) D:6            Lair (0/5) D:9
    Orc (0/2) D:11         Bailey (visited)

Altars:
Ashenzari
Cheibriados
Fedhas
Gozag
Hepliaklqana
Kikubaaqudgha
Makhleb
Nemelex Xobeh
Ru
Sif Muna
Trog
Vehumet
Wu Jian
Xom
Yredelemnul

Shops:
D:3 ?[:[   D:4 !   D:8 *   D:9 =

Portals:
Trove: D:11 (give +5 demon whip)

Annotations:
D:5 3 runed translucent doors, KennySheep's ghost, novice HuWn
D:7 1 runed translucent door
D:12 Azrael


Message History

Maurice bites the efreet but does no damage.
The zombie hands constrict the efreet.
Your wight hits the efreet from afar with a +0 halberd!
The efreet dies!
Their soul becomes fuel for the torch.
Maurice hits the hell hound but does no damage.
Maurice barely misses the hell hound.
The hell hound breathes flames at you. The blast of flame hits your wight.
The blast of flame hits you!
* * * LOW HITPOINT WARNING * * *
Your wight barely misses the hell hound.
Your wight misses the hell hound.
Your wight hits the hell hound with a +3 war axe of freezing.
Your wight freezes the hell hound.
Something bites your wight. x2
Your wight is destroyed!
Your wight returns to the grave!
The hell hound bites your wight!
Maurice hits the hell hound.
Maurice closely misses the hell hound.
Your wight completely misses the hell hound.
Your wight hits the hell hound with a +3 great sword!
The hell hound bites your wight!
Your wight is destroyed!
Your wight returns to the grave!
The hell hound barely misses your wight.
Maurice hits the hell hound.
Maurice bites the hell hound.
Your wight hits the hell hound with a +0 halberd.
You feel yourself speed up.
Your wight hits the hell hound from afar with a +0 halberd.
The hell hound bites Maurice!
A fire elemental comes into view.
The hell hound bites Maurice.
Maurice is destroyed!
As you read the scroll of fog, it dissolves into smoke.
As you read the scroll of teleportation, it crumbles to dust.
You feel strangely unstable. The hell hound breathes flames at you.
The blast of flame hits you!
You die...
Your body rises from the dead as a mindless zombie.

#............#
#..........^.#
#............#
#.....##....##
#.....##....#########
########....##......#
########....##.§....#
#...........##§§....##......
#...........##.§@§..##.....
+...........##§§§§§.##....#
#...........##§§h§§.##....#
#...........##§§§§§.##....#
#...........##§§§§§.##....#
#.....####'#####....##....#
#######...zz...#..h.##....#
#....##..#..........+ .
#....##..'..h.......# ...


You could see a hell hound (catching breath).

Vanquished Creatures
  An orc warlord (Bailey)
  A two-headed ogre (D:10)
  2 cyclopes (D:11)
  A freezing wraith (D:11)
  2 rime drakes (D:10)
  2 kobold demonologists (D:11)
  2 trolls
  2 polar bears (D:10)
  Prince Ribbit (D:6)
  2 raiju (D:11)
  Sigmund (D:2)
  2 centaur simulacra (D:10)
  A shadow (D:11)
  A vampire (D:11)
  11 yaks
  3 wyverns
  6 vampire mosquitoes
  2 steam dragons
  Edmund (D:4)
  2 acid dragons
  Menkaure (D:4)
  2 water moccasins
  2 black bears (D:6)
  4 orc warriors
  2 sky beasts (D:7)
  2 centaurs (D:10)
  2 ogres (D:5)
  3 scorpions
  10 wights
  4 howler monkeys
  3 electric eels (D:11)
  5 hounds
  2 gnoll boudas
  An orc priest (D:4)
  A jelly (D:3)
  4 iguanas
  A sleepcap (D:5)
  6 orc wizards
  8 gnolls
  6 adders
  A shadow imp (D:6)
  2 white imps
  2 ufetubi (D:6)
  3 ribbon worms
  11 orcs
  5 bats
  4 endoplasms
  3 giant cockroaches
  12 goblins
  8 hobgoblins
  2 jackals (D:1)
  18 kobolds
  A quokka (D:2)
  7 ball pythons
  6 frilled lizards
  7 rats
207 creatures vanquished.

Vanquished Creatures (collateral kills)
  Maurice (D:12)
  A rime drake (D:10)
  An efreet (D:12)
  A troll (D:10)
  A wraith (D:10)
  A water elemental (D:11)
  A wyvern (D:9)
  3 yaks (D:9)
  A water moccasin (D:6)
  An ice beast (D:6)
  An ogre (D:4)
  2 phantoms
  A kobold brigand (D:7)
  4 wights
  A howler monkey (D:8)
  A bombardier beetle (D:5)
  An orc priest (D:5)
  Robin (D:2)
  An adder (D:2)
  A ribbon worm (D:2)
  4 orcs
  2 endoplasms
  2 giant cockroaches
  3 goblins (D:2)
  2 hobgoblins
  A hobgoblin zombie (D:2)
  2 jackals (D:5)
  6 kobolds
  A ball python (D:4)
  4 boulders
53 creatures vanquished.

Vanquished Creatures (others)
  A rime drake zombie (D:10)
  A cyclops zombie (D:11)
  A water moccasin zombie (D:7)
  2 wyvern zombies
  A raiju zombie (D:11)
  A troll zombie (D:11)
  A yak zombie (D:7)
  An orc wizard (D:9)
  A scorpion zombie (D:4)
  A vine stalker zombie (D:12)
  A sky beast zombie (D:7)
  A hound zombie (D:4)
  2 howler monkey zombies (D:10)
  A ribbon worm zombie (D:2)
  2 bat zombies (D:1)
  A ball python zombie (D:4)
  A gnoll zombie (Bailey)
  3 goblin zombies
  4 hobgoblin zombies
  9 kobold zombies
  6 orc zombies
  4 boulders
  151 foxfires
197 creatures vanquished.

Grand Total: 457 creatures vanquished

Notes
Turn   | Place    | Note
-------+----------+-------------------------------------------
     0 | D:1      | KennySheep the Deep Elf Wanderer began the quest for the
                  | Orb.
     0 | D:1      | KennySheep set off with the following items: a +0 dagger, a
                  | potion of curing, a +0 robe, a +0 cloak; and the following
                  | spells available to memorise: Sandblast, Foxfire, Passwall,
                  | Inner Flame, Brom's Barrelling Boulder.
     0 | D:1      | Reached XP level 1. HP: 10/10 MP: 6/6
     8 | D:1      | Learned a level 1 spell: Sandblast
   254 | D:1      | Reached skill level 1 in Conjurations
   254 | D:1      | Reached XP level 2. HP: 15/15 MP: 8/8
   338 | D:1      | Found a faded altar of an unknown god.
   348 | D:1      | Prayed at the altar of an unknown god.
   348 | D:1      | Became a worshipper of Yredelemnul the Fallen
   348 | D:1      | Reached * piety under Yredelemnul
   833 | D:2      | Reached XP level 3. HP: 19/19 MP: 9/9
   872 | D:2      | Noticed Robin
   882 | D:2      | Killed Robin
   883 | D:2      | Reached XP level 4. HP: 24/24 MP: 8/11
   961 | D:2      | Learned a level 3 spell: Passwall
   966 | D:2      | Learned a level 4 spell: Brom's Barrelling Boulder
  1149 | D:2      | Noticed Sigmund
  1176 | D:2      | Your ally Robin died
  1394 | D:2      | Killed Sigmund
  1395 | D:2      | Reached XP level 5. HP: 11/28 MP: 13/13
  1770 | D:3      | Found Cueg's Antique Armour Shop.
  1803 | D:3      | Reached ** piety under Yredelemnul
  1804 | D:3      | Found Wubir's Magic Scroll Shop.
  1821 | D:3      | Bought a scroll of enchant weapon for 97 gold pieces
  1852 | D:3      | Found a sacrificial altar of Ru.
  1962 | D:3      | Found a basalt altar of Yredelemnul.
  1995 | D:3      | Found Emushol's Armour Shop.
  2032 | D:3      | Reached XP level 6. HP: 32/32 MP: 14/14
  2065 | D:3      | Found Tup Ysok's Book Emporium.
  2302 | D:4      | Reached skill level 5 in Dodging
  2472 | D:4      | Noticed Menkaure
  2494 | D:4      | Learned a level 1 spell: Foxfire
  2502 | D:4      | Reached skill level 5 in Spellcasting
  2507 | D:4      | Killed Menkaure
  2508 | D:4      | Reached skill level 5 in Conjurations
  2508 | D:4      | Reached XP level 7. HP: 18/36 MP: 15/16
  2588 | D:4      | Found a broken altar of Ashenzari.
  2605 | D:4      | Learned a level 5 spell: Borgnjor's Vile Clutch
  2666 | D:4      | Reached skill level 1 in Necromancy
  2931 | D:4      | Noticed Edmund
  2944 | D:4      | Killed Edmund
  2945 | D:4      | Reached skill level 2 in Necromancy
  2945 | D:4      | Reached skill level 5 in Earth Magic
  3213 | D:4      | Found an ornate altar of the Wu Jian Council.
  3336 | D:4      | Found Nanesaj's Distillery.
  3610 | D:5      | Entered Level 5 of the Dungeon
  3631 | D:5      | Found a snail-covered altar of Cheibriados.
  3662 | D:5      | Reached skill level 3 in Necromancy
  3816 | D:5      | Reached XP level 8. HP: 20/41 MP: 18/18
  4091 | D:5      | Reached skill level 4 in Necromancy
  4193 | D:5      | Found a runed translucent gate.
  4207 | D:5      | Found a runed translucent gate.
  4207 | D:5      | Found a runed translucent gate.
  4208 | D:5      | Noticed KennySheep's ghost (novice HuWn)
  4446 | D:5      | Reached skill level 5 in Necromancy
  4627 | D:6      | Noticed Prince Ribbit
  4635 | D:6      | Killed Prince Ribbit
  4636 | D:6      | Reached skill level 6 in Necromancy
  4822 | D:6      | Reached skill level 7 in Necromancy
  4822 | D:6      | Reached XP level 9. HP: 18/45 MP: 19/19
  4946 | D:6      | Found a bloodstained altar of Trog.
  5209 | D:6      | Reached *** piety under Yredelemnul
  5214 | D:6      | Reached skill level 8 in Necromancy
  5261 | D:6      | Found a radiant altar of Vehumet.
  5616 | D:6      | Found a staircase to the Ecumenical Temple.
  6221 | D:7      | Found a blossoming altar of Fedhas.
  6259 | D:7      | Found a runed translucent door.
  6326 | D:7      | Reached skill level 9 in Necromancy
  6332 | D:7      | Reached skill level 10 in Earth Magic
  6337 | D:7      | Reached skill level 10 in Necromancy
  6801 | D:7      | Found a sparkling altar of Nemelex Xobeh.
  6821 | D:7      | Reached XP level 10. HP: 50/50 MP: 14/20
  6916 | D:7      | Found a burning altar of Makhleb.
  7243 | D:8      | Found a flagged portal.
  7252 | Bailey   | Entered a bailey
  7257 | Bailey   | Noticed an orc warlord
  7459 | Bailey   | Found a runed translucent gate.
  7459 | Bailey   | Found a runed translucent gate.
  7482 | Bailey   | Found a runed translucent gate.
  7624 | Bailey   | Killed an orc warlord
  7625 | Bailey   | Reached skill level 11 in Necromancy
  7855 | Bailey   | Acquired the ring of Menadiujou {rElec rC+ rN+ Slay+4}
  7861 | Bailey   | Learned a level 2 spell: Sublimation of Blood
  7969 | D:8      | Found an opulent altar of Gozag.
  8023 | D:8      | Found Gozag's Platinum Reserve.
  8507 | D:9      | Found Qyosm's Jewellery Boutique.
  8898 | D:9      | Found a staircase to the Lair.
  9091 | D:9      | Reached skill level 12 in Necromancy
  9289 | D:9      | Found a shimmering blue altar of Sif Muna.
  9299 | D:9      | Reached XP level 11. HP: 46/54 MP: 23/25
  9472 | D:10     | Entered Level 10 of the Dungeon
  9539 | D:10     | Found a hazy altar of Hepliaklqana.
  9775 | D:10     | Found a shimmering altar of Xom.
 10274 | D:10     | Reached skill level 10 in Spellcasting
 10559 | D:10     | Got the +8 broad axe of the Howling Gods {freeze, Int+5
                  | Dex+5 Stlth-}
 10715 | D:10     | Found an ancient bone altar of Kikubaaqudgha.
 10862 | D:10     | Noticed a two-headed ogre
 10870 | D:10     | Killed a two-headed ogre
 12130 | D:11     | Found a portal to a secret trove of treasure.
 12172 | D:11     | Reached skill level 1 in Fighting
 12339 | D:11     | Found a staircase to the Orcish Mines.
 12955 | D:11     | Reached skill level 13 in Necromancy
 13414 | D:12     | Noticed Maurice
 13425 | D:12     | Killed Maurice
 13471 | D:12     | Noticed Azrael
 13478 | D:12     | Your ally Maurice died
 13485 | D:12     | Killed from afar by a hell hound

Illustrated notes

Levels and vault maps discovered:
D:1:      dpeg_arrival_rooms_b, layout_loops_cross, basic_ecumenical_altar
D:2:      layout_rooms, uniq_robin, uniq_sigmund
D:3:      layout_rooms, mainiacjoe_overflow_surrounded_room,
          yredelemnul_altar_generic, serial_shops, nicolae_shop_window_shopping,
          nicolae_shop_window_shopping, nicolae_shop_just_a_little_nook, shop
D:4:      layout_cave_pods, pdpol_wu_jian_five_deadly_venoms, kennysheep_mini,
          serial_shops, nicolae_take_the_stairs, uniq_menkaure, uniq_edmund
D:5:      layout_loops_ring, mainiacjoe_overflow_boulevard,
          gammafunk_ghost_nasty_kobolds, dk_vineyard_3
D:6:      layout_basic, overflow_temple_1_default, amcnicky_altar_gilded,
          minmay_temple_entry_fiery, minmay_gold_behind_fungi,
          uniq_prince_ribbit1
D:7:      layout_loops_ring, nemelex_diamond_rough_becter,
          makhleb_heckhound_becter, general_overflow_altar,
          lightli_church_of_beogh
D:8:      layout_loops_cross, nicolae_gozag_zags_fifth_avenue, enter_bailey_8,
          minivault_19
D:9:      layout_cave_pools, led_sif_book, lair_entry_dummy,
          nicolae_stop_n_shop_1, kennysheep_generic_room_12
D:10:     minmay_coctagon, layout_stronghold, kennysheep_little_box,
          marbit_many_paths, xom_redecorated, serial_rivers,
          chequers_serial_rivers_micro_a, chequers_serial_rivers_small_3,
          chequers_serial_rivers_micro_d, chequers_serial_rivers_large_b,
          chequers_serial_rivers_micro_e
D:11:     layout_small_grid, orc_0_dummy, enter_trove_0,
          nicolae_have_a_lightning_rod
D:12:     layout_stronghold, uniq_azrael, uniq_maurice

Skill      XL: |  1  2  3  4  5  6  7  8  9 10 11 |
---------------+----------------------------------+-----
Conjurations   | 1 2 3 5 |  5.2
Dodging        | 4 5 6 |  6.3
Earth Magic    | 3 4 5 8 10 11 12 | 12.8
Spellcasting   | 4 5 8 11 | 11.7
Necromancy     | 3 7 10 12 13 | 13.1
Fighting       | 1 |  1.8
Translocations | |  0.4
Fire Magic     | |  2.1
Shapeshifting  | |  1.1

Action                     |  1- 3 |  4- 6 |  7- 9 | 10-12 || total
---------------------------+-------+-------+-------+-------++-------
  Melee: Dagger            |       |     1 |    19 |    11 ||    31
         Halberd           |       |       |       |    18 ||    18
         Broad axe         |       |       |       |     3 ||     3
   Cast: Sandblast         |    49 |    50 |    43 |    18 ||   160
         Foxfire           |       |     5 |    84 |       ||    89
         Brom's Barrelling |       |       |     2 |     7 ||     9
         Borgnjor's Vile C |       |       |    14 |   106 ||   120
 Invoke: Light the Black T |     1 |     2 |     3 |     5 ||    11
         Hurl Torchlight   |       |       |     2 |       ||     2
    Use: Scroll            |       |     6 |     2 |     9 ||    17
         Potion            |       |     3 |     5 |     3 ||    11
 Armour: Robe              |    13 |    13 |    54 |    80 ||   160
  Dodge: Dodged            |    23 |    15 |    56 |    66 ||   160

Table legend: (Time is in decaauts)
 A = Elapsed time spent in this place.
 B = Non-inter-level travel time spent in this place.
 C = Inter-level travel time spent in this place.
 D = Time resting spent in this place.
 E = Time spent auto-exploring this place.
 F = Levels seen in this place.
 G = Mean time per level.
                   A        B        C        D        E       F      G
               +--------+--------+--------+--------+--------+-----+--------+
         Total |  13608 |  12795 |    813 |   1904 |   8888 |  13 | 1046.8 |
       Dungeon |  12979 |  12166 |    813 |   1750 |   8606 |  12 | 1081.6 |
        Bailey |    628 |    628 |      0 |    154 |    282 |   1 |  628.0 |
               +--------+--------+--------+--------+--------+-----+--------+

Top non-repeatable levels by time:
    D:11: 1813 daAuts
     D:4: 1508 daAuts
    D:10: 1494 daAuts
     D:6: 1328 daAuts
     D:7: 1276 daAuts
     D:9: 1177 daAuts
     D:5: 1099 daAuts
     D:2: 981 daAuts
     D:8: 878 daAuts
     D:1: 843 daAuts
  Bailey: 628 daAuts
     D:3: 501 daAuts
    D:12: 77 daAuts
